 Dungeon Crawl Stone Soup version 0.26.1-11-gd32895ea62 (webtiles) character file.

Game seed: 17947022390133742071

1926 MisterFreud the Grappler (level 8, -2/78 HPs)
             Began as a Troll Monk on June 23, 2021.
             Slain by a killer bee (4 damage)
             ... on level 7 of the Dungeon.
             The game lasted 00:06:04 (4515 turns).

MisterFreud the Grappler (Troll Monk)               Turns: 4515, Time: 00:06:05

Health: -2/78      AC:  9    Str: 20    XL:     8   Next: 96%
Magic:  7/7        EV: 12    Int:  6    God:
Gold:   335        SH:  0    Dex: 14    Spells: 7/7 levels left

rFire    . . .     SeeInvis .     - Unarmed
rCold    . . .     Faith    .   (no shield)
rNeg     . . .     Spirit   .   a - +0 robe
rPois    .         Reflect  .   (helmet restricted)
rElec    .         Harm     .   j - +2 cloak {Will+}
rCorr    .         Rampage  .   (gloves unavailable)
Will     +....                  (boots unavailable)
Stlth    ++........             (no amulet)
HPRegen  0.63/turn              (no ring)
MPRegen  0.10/turn              (no ring)

@: no status effects
A: large, unfitting armour, claws 3, regeneration 1, shaggy fur 1, tough skin 3
a: no special abilities


You were on level 7 of the Dungeon.
You visited 1 branch of the dungeon, and saw 7 of its levels.

You collected 335 gold pieces.

Inventory:

Missiles
 k - 5 large rocks (quivered)
 r - a throwing net
Armour
 a - a +0 robe (worn)
 j - a +2 cloak of willpower (worn)
Wands
 i - a wand of random effects (18)
Scrolls
 b - 3 scrolls of enchant weapon {unknown}
 c - 11 scrolls of identify {unknown}
 d - 3 scrolls of teleportation {unknown}
 e - 2 scrolls of remove curse
 m - 2 scrolls of blinking {unknown}
 p - 2 scrolls of fear {unknown}
 q - a scroll of fog {unknown}
 s - 2 scrolls of enchant armour {unknown}
 t - a scroll of amnesia {unknown}
 u - a scroll of random uselessness {unknown}
Potions
 f - a potion of haste {unknown}
 g - a potion of brilliance {unknown}
 h - a potion of might
 l - 5 potions of flight {unknown}
 n - 2 potions of attraction {unknown}


   Skills:
 - Level 4.0 Fighting
 + Level 5.3 Throwing
 - Level 4.0 Dodging
 - Level 1.0 Stealth
 + Level 8.9 Unarmed Combat


You had 7 spell levels left.
You didn't know any spells.
Your spell library was empty.

Dungeon Overview and Level Annotations

Branches:
Dungeon (7/15)
 Temple: D:4-7

Altars:
Ashenzari
Cheibriados
Dithmenos
Hepliaklqana
Ru

Shops:
D:6 *   D:7 :

Annotations:
D:6 3 runed translucent doors, pablopetrus's ghost, novice HuBe


Innate Abilities, Weirdness & Mutations

You are too large for most types of armour.
You have claws for hands.
Your natural rate of healing is unusually fast.
You are covered in fur. (AC +1)
You have extremely tough skin. (AC +3)


Message History

The killer bee buzzes angrily.
Your claw misses the killer bee.
The killer bee is almost dead.
The killer bee stings you but does no damage.
The killer bee misses you.
You miss the killer bee.
The killer bee is almost dead.
The killer bee barely misses you.
You scratch the killer bee.
The killer bee is almost dead.
The killer bee closely misses you.
The phantom blinks!
The killer bee barely misses you. The killer bee barely misses you.
The killer bee stings you.
* * * LOW HITPOINT WARNING * * *
As you read the scroll labelled TUCUPH IXTORPH, it crumbles to dust.
You feel blessed for a moment.
It was a scroll of remove curse.
The killer bee closely misses you. The killer bee barely misses you.
The phantom hits you but does no damage.
The killer bee closely misses you. The killer bee stings you.
You die...

..........y..§....<.##
....................#
....###.............#
... #..y..........# ..
###..#....##..# .
###§###...###.##
###...............
#.y#....8.8.8.##..
#@y............#..
#.W...8.8.8.8.....
...#...............
.8........8.8.8.....
................#...
#.8...#..8...8.......
#....###.........#.##
#....# ##....#..###
#####


You could see a phantom and 2 killer bees.

Vanquished Creatures
  Sigmund (D:4)
  Edmund (D:5)
  Duvessa (D:4)
  2 ice beasts
  A black bear (D:6)
  A sky beast (D:5)
  Blork the orc (D:5)
  2 bullfrogs
  Dowan (D:4)
  A scorpion (D:7)
  2 killer bees (D:7)
  A howler monkey (D:5)
  The ghost of mavignon the Firebug, a weakling DEFE (D:3)
  An iron imp (D:4)
  3 orc priests (D:3)
  2 hounds
  Crazy Yiuf (D:2)
  An iguana (D:5)
  5 worker ants
  Natasha (twice) (D:3)
  2 orc wizards
  A hound skeleton (D:4)
  A hound zombie (D:5)
  Robin (D:3)
  A worker ant zombie (D:6)
  11 adders
  A white imp (D:5)
  An adder zombie (D:5)
  4 worms
  3 dart slugs
  3 leopard geckos
  11 orcs
  2 ball pythons
  7 bats
  3 giant cockroaches
  14 goblins
  11 hobgoblins
  3 jackals (D:6)
  6 kobolds
  2 quokkas
  8 frilled lizards
  A quokka skeleton (D:2)
  7 rats
135 creatures vanquished.

Notes
Turn   | Place    | Note
-------+----------+-------------------------------------------
     0 | D:1      | MisterFreud the Troll Monk began the quest for the Orb.
     0 | D:1      | Reached XP level 1. HP: 22/22 MP: 0/0
   333 | D:1      | Reached XP level 2. HP: 29/29 MP: 1/1
   604 | D:1      | Reached skill level 4 in Unarmed Combat
  1096 | D:2      | Reached XP level 3. HP: 36/36 MP: 2/2
  1269 | D:2      | Found a shadowy altar of Dithmenos.
  1269 | D:2      | Noticed a shadow
  1270 | D:2      | Found a hazy altar of Hepliaklqana.
  1286 | D:2      | Found a runed translucent door.
  1287 | D:2      | Noticed Crazy Yiuf
  1540 | D:2      | Reached XP level 4. HP: 44/44 MP: 3/3
  1661 | D:2      | Killed Crazy Yiuf
  1662 | D:2      | Reached skill level 5 in Unarmed Combat
  1704 | D:3      | Found a broken altar of Ashenzari.
  1706 | D:3      | Noticed Robin
  1784 | D:3      | Killed Robin
  1913 | D:4      | Noticed Sigmund
  1915 | D:4      | Noticed a bullfrog
  1930 | D:4      | Killed Sigmund
  1931 | D:4      | Reached skill level 6 in Unarmed Combat
  1931 | D:4      | Reached XP level 5. HP: 29/50 MP: 4/4
  1931 | D:4      | Reached XP level 6. HP: 34/59 MP: 5/5
  1937 | D:4      | Reached skill level 7 in Unarmed Combat
  2267 | D:3      | Found a runed translucent door.
  2281 | D:3      | Noticed mavignon's ghost (weakling DEFE)
  2289 | D:3      | Reached skill level 8 in Unarmed Combat
  2289 | D:3      | Reached skill level 1 in Throwing
  2289 | D:3      | Reached XP level 7. HP: 65/66 MP: 6/6
  2292 | D:3      | Killed mavignon's ghost
  2510 | D:3      | Noticed Natasha
  2519 | D:3      | Killed Natasha
  2633 | D:3      | Noticed Natasha
  2636 | D:3      | Killed Natasha
  2759 | D:4      | Noticed Duvessa
  2762 | D:4      | Noticed Dowan
  2774 | D:4      | Killed Duvessa
  2781 | D:4      | Killed Dowan
  2900 | D:4      | Found a snail-covered altar of Cheibriados.
  3052 | D:5      | Entered Level 5 of the Dungeon
  3111 | D:5      | Found a sacrificial altar of Ru.
  3120 | D:5      | Reached XP level 8. HP: 75/75 MP: 7/7
  3352 | D:5      | Noticed Edmund
  3361 | D:5      | Killed Edmund
  3434 | D:5      | Found a snail-covered altar of Cheibriados.
  3466 | D:5      | Noticed Blork the orc
  3482 | D:5      | Killed Blork the orc
  3926 | D:6      | Found a runed translucent gate.
  3959 | D:6      | Noticed pablopetrus's ghost (novice HuBe)
  3992 | D:6      | Found a runed translucent gate.
  3992 | D:6      | Found a runed translucent gate.
  3994 | D:6      | Reached skill level 5 in Throwing
  4007 | D:6      | Found Bicrayth's Serpentskin Sales.
  4460 | D:7      | Found Huzayx's Book Shop.
  4507 | D:7      | HP: 1/78 [killer bee (5)]
  4514 | D:7      | HP: 1/78 [killer bee (3)]
  4515 | D:7      | Slain by a killer bee

Illustrated notes

Levels and vault maps discovered:
D:1:      amcnicky_arrival_wind_blow, layout_basic
D:2:      layout_loops_ring, riverfiend_overflow_shadow_ancestor,
          uniq_crazy_yiuf_cottage
D:3:      layout_basic, ebering_ghost_sewer_d, chequers_serial_rivers_marsh,
          serial_park_tiny_1, ashenzari_altar_1, uniq_natasha, uniq_robin
D:4:      layout_cave_pools, chei_slow_surprise, uniq_sigmund, uniq_duvessa
D:5:      layout_rooms, kennysheep_mini, nicolae_ru_sacrificial_ziggurat,
          uniq_edmund, uniq_blork_the_orc
D:6:      layout_basic, gammafunk_ghost_icy, amcnicky_mini_pool_small,
          st_stairs_8, kennysheep_donut, guppyfry_shop_venom
D:7:      layout_cave_pools, pdpol_wu_jian_five_deadly_venoms,
          minmay_temple_entry_slanted, serial_column_ruins,
          column_ruins_square_medium, column_ruins_open_tiny,
          column_ruins_grid_4, column_ruins_columns_dead_end,
          column_ruins_columns_corner, column_ruins_open_medium,
          column_ruins_open_tiny_water, column_ruins_columns_straight,
          serial_shops, shop, serial_park_tiny_pond

Skill      XL: |  1  2  3  4  5  6  7  8 |
---------------+-------------------------+-----
Unarmed Combat | 4 6 8 |  8.9
Throwing       | 1 4 5 |  5.3
Fighting       | 3 4 |  4.0
Dodging        | 3 4 |  4.0
Stealth        | |  1.0

Action                   |  1- 3 |  4- 6 |  7- 9 || total
-------------------------+-------+-------+-------++-------
Melee: Unarmed           |    89 |   114 |   188 ||   391
       Punch             |       |     3 |     4 ||     7
Evoke: Wand              |       |       |     1 ||     1
  Use: Potion            |       |       |     3 ||     3
       Scroll            |       |       |     1 ||     1
 Stab: Sleeping          |     3 |     1 |     5 ||     9
Armor: Robe              |    26 |    65 |    70 ||   161
Dodge: Dodged            |    38 |    72 |   104 ||   214
